 Dungeon Crawl Stone Soup version 0.31-a0-819-gf6de2f5ab6 (webtiles) character file.

Game seed: 3174197061694062061

32670 redmage the Artisan of Death (level 13, -15/79 HPs)
             Began as an Octopode Earth Elementalist on Sept 22, 2023.
             Was a Priest of Kikubaaqudgha.
             Killed from afar by an acid blob (23 damage)
             ... with a splash of acid
             ... on level 1 of the Pits of Slime on Sept 25, 2023.
             The game lasted 01:22:35 (13358 turns).

redmage the Artisan of Death (OpEE)                Turns: 13358, Time: 01:22:37

Health: -15/79     AC: -3    Str:  7    XL:     13   Next: 66%
Magic:  18/36      EV: 13    Int: 22    God:    Kikubaaqudgha [***...]
Gold:   447        SH:  0    Dex: 13    Spells: 1/32 levels left

rFire   . . .        v - +2 short sword (flame)
rCold   . . .        (no shield)
rNeg    . . .        (helmet restricted)
rPois   .            B - amulet of magic regeneration
rElec   .            c - ring of willpower
rCorr   .            i - ring of magical power
SInv    .            (no ring)
Will    +....        (no ring)
Stlth   ++++         (no ring)
HPRegen 0.33/turn    (no ring)
MPRegen 0.65/turn    (no ring)
                     (no ring)

%: no passive effects
@: death channelling, corroded, animating dead
A: almost no armour, amphibious, 8 rings, camouflage 1, gelatinous body 1,
(nimble swimmer 1), tentacles
a: Renounce Religion, Unearth Wretches


You were on level 1 of the Pits of Slime.
You worshipped Kikubaaqudgha.
Kikubaaqudgha was most pleased with you.
You visited 5 branches of the dungeon, and saw 18 of its levels.

You collected 917 gold pieces.
You spent 470 gold pieces at shops.

Inventory:

Hand Weapons
 v - a +2 short sword of flaming (weapon)
Missiles
 k - 3 datura-tipped darts (quivered)
Jewellery
 c - a ring of willpower (left tentacle)
 i - a ring of magical power (right tentacle)
 o - an amulet of faith
 B - an amulet of magic regeneration (around mantle)
Wands
 g - a wand of flame (21)
 r - a wand of iceblast (5)
 t - a wand of polymorph (4)
 w - a wand of paralysis (8)
Scrolls
 f - a scroll of torment
 h - 3 scrolls of poison
 y - 3 scrolls of enchant armour
 C - a scroll of summoning
 E - a scroll of blinking
 F - 4 scrolls of revelation
 G - 2 scrolls of enchant weapon
Potions
 a - 4 potions of magic
 b - 5 potions of curing
 d - 3 potions of brilliance
 e - a potion of lignification
 m - 4 potions of enlightenment
 n - a potion of haste
 p - 4 potions of attraction
 q - 2 potions of mutation
 s - 2 potions of resistance {unknown}
 x - a potion of ambrosia
 z - 2 potions of berserk rage
 A - 2 potions of cancellation {unknown}
 D - a potion of might {unknown}
Miscellaneous
 j - a phantom mirror


   Skills:
 - Level 4.0 Fighting
 - Level 2.0 Short Blades
 - Level 2.0 Dodging
 - Level 5.0 Stealth
 - Level 10.3 Spellcasting
 - Level 5.0 Conjurations
 + Level 14.1 Necromancy
 - Level 2.3 Transmutations
 - Level 10.0 Ice Magic
 - Level 8.0 Earth Magic


You had one spell level left.
You knew the following spells:

 Your Spells              Type           Power      Damage    Failure   Level
a - Borgnjor's Vile Clut  Necr/Erth      28%        N/A       1%          5
b - Passwall              Tmut/Erth      28%        N/A       1%          2
c - Stone Arrow           Conj/Erth      80%        3d12      1%          3
d - Petrify               Tmut/Erth      34%        N/A       7%          4
e - Death Channel         Necr           32%        N/A       2%          6
f - Animate Dead          Necr           65%        N/A       1%          4
g - Simulacrum            Ice/Necr       29%        N/A       6%          6
h - Sandblast             Erth           92%        2d19      1%          1

Your spell library contained the following spells:

 Spells                   Type           Power      Damage    Failure   Level
 Necrotise                Necr           100%       1d9       1%          1
 Cigotuvi's Dreadful Rot  Necr/Pois/Air  64%        N/A       1%          2
 Vampiric Draining        Necr           65%        2d10      1%          3
 Dispel Undead            Necr           65%        3d22      1%          4
 Brom's Barrelling Bould  Conj/Erth      40%        2d6       4%          4
 Leda's Liquefaction      Hex/Erth       14%        N/A       11%         4
 Call Canine Familiar     Summ           11%        N/A       17%         3
 Sigil of Binding         Hex            11%        N/A       17%         3
 Dimensional Bullseye     Hex/Tloc       5%         N/A       50%         4


Dungeon Overview and Level Annotations

Branches:
Dungeon (11/15)            Temple (1/1) D:6            Lair (4/5) D:8
  Swamp (0/4) Lair:3       Spider (0/4) Lair:2        Slime (1/5) Lair:4
    Orc (1/2) D:10

Altars:
Ashenzari
Cheibriados
Dithmenos
Elyvilon
Fedhas
Gozag
Hepliaklqana
Kikubaaqudgha
Makhleb
Nemelex Xobeh
Okawaru
Qazlal
Ru
Sif Muna
Trog
Uskayaw
Vehumet
Wu Jian
Xom
Yredelemnul
Zin
Jiyva

Shops:
D:4 (   D:9 **   D:10 =(*!(

Annotations:
D:3 Ijyb
D:8 Erica


Innate Abilities, Weirdness & Mutations

You cannot wear most types of armour.
You are amphibious.
You can wear up to eight rings at the same time.
Your skin changes colour to match your surroundings (Stealth+).
Your rubbery body absorbs attacks. (AC +1, EV +1)
((You are camouflaged when in or above water. (Stealth+)))
You have tentacles for arms and can constrict up to eight enemies at once.


Message History

A rockslime and a slime creature come into view.
Two slime creatures merge to form a very large slime creature.
The acid blob hits you!
* * * LOW HITPOINT WARNING * * *
You are splashed with acid.
* * * LOW HITPOINT WARNING * * *
Your spectral rockslime completely misses the very large slime creature.
Your rockslime simulacrum hits the very large slime creature!
The very large slime creature holds its ground!
Two slime creatures merge to form an enormous slime creature.
Your spectral great orb of eyes bites the enormous slime creature!
Your spectral great orb of eyes drains the enormous slime creature.
Unknown command.
You feel much better. The acid blob spits acid at you.
The splash of acid hits you!!
* * * LOW HITPOINT WARNING * * *
The enormous slime creature hits your spectral great orb of eyes!!
Your spectral rockslime hits the enormous slime creature!!
The enormous slime creature holds its ground!
Your great orb of eyes zombie bites the enormous slime creature.
The acid blob hits you!
* * * LOW HITPOINT WARNING * * *
You are splashed with acid.
* * * LOW HITPOINT WARNING * * *
Your rockslime simulacrum hits the enormous slime creature!
The enormous slime creature holds its ground!
Your spectral great orb of eyes bites the enormous slime creature.
Unknown command.
Unknown command.
Unknown command.
You feel better.
A nearby rockslime perishes wretchedly.
The enormous slime creature hits your great orb of eyes zombie!!!
The dead are walking!
Your spectral rockslime hits the enormous slime creature.
The enormous slime creature stumbles backwards!
The acid blob spits acid at you. The splash of acid hits you!!
You die...
Kikubaaqudgha rasps: "You have failed me!
Welcome... death!"

~~~~~##
#~~~~~
#~~~~##
~~~~~#
~JJ~#
##ZZ##
##.ZZ.#
#.J@..#
#.JZ..#
#...J..#
##.Z...#
###...#
...#
...#
..## .##


You could see 2 acid blobs, an enormous slime creature (distracted, drained,
ally target), a slime creature (paralysed), a rockslime (paralysed), a friendly
spectral great orb of eyes, 2 friendly spectral rockslimes, a friendly rockslime
simulacrum, a friendly great orb of eyes zombie and a friendly rockslime zombie.

Vanquished Creatures
  A rockslime (Slime:1)
  A hydra (Lair:4)
  4 two-headed ogres
  A death yak (Lair:4)
  2 elephants (Lair:4)
  Joseph (Lair:1)
  3 black mambas
  3 cane toads
  A rime drake (Lair:2)
  6 komodo dragons
  A kobold demonologist (D:10)
  2 blink frogs
  A polar bear (Lair:4)
  2 dream sheep
  4 wyverns
  14 yaks
  Eustachio (D:4)
  A steam dragon (D:9)
  9 vampire mosquitoes
  A warg (Orc:1)
  A water moccasin (Lair:1)
  5 orc warriors
  An ice beast (D:8)
  A sky beast (D:7)
  A black bear (D:6)
  An ogre (D:5)
  A boggart (D:7)
  A wolf (Lair:3)
  A centaur (D:9)
  2 phantoms (D:5)
  A kobold brigand (D:9)
  3 scorpions
  12 bullfrogs
  A necrophage (D:4)
  15 wights
  2 howler monkeys (D:7)
  2 hounds
  3 jellies
  4 orc priests
  A gnoll bouda (D:8)
  Jessica (D:3)
  A scorpion zombie (D:4)
  An iguana (D:7)
  4 orc wizards
  Natasha (thrice) (D:2)
  2 hound zombies (D:4)
  3 adders
  2 gnolls (D:8)
  A shadow imp (D:5)
  2 white imps
  An ufetubus (D:7)
  3 adder zombies (D:4)
  2 worms
  3 dart slugs
  22 orcs
  4 endoplasms
  A giant cockroach (D:2)
  3 goblins (D:1)
  3 hobgoblins (D:1)
  3 jackals (D:1)
  11 kobolds
  3 quokkas
  4 ball pythons
  2 bats (D:1)
  2 frilled lizards (D:1)
  A quokka zombie (D:4)
  3 rats
209 creatures vanquished.

Vanquished Creatures (collateral kills)
  5 death yaks (Lair:4)
  The ghost of Luexkioj the Severer, a novice HOFi of Beogh (Lair:1)
  A skyshark (Lair:3)
  2 black mambas
  A torpor snail (Lair:4)
  4 cane toads
  A rime drake (Lair:1)
  5 komodo dragons
  4 polar bears (Lair:4)
  9 blink frogs
  2 dream sheep (Lair:4)
  25 yaks
  2 vampire mosquitoes (D:10)
  A warg (Orc:1)
  A water moccasin (Lair:3)
  An orc warrior (Orc:1)
  9 wolves
  A centaur (D:10)
  3 bullfrogs
  2 yak zombies
  3 orc priests
  An orc wizard (D:10)
  13 orcs
  4 orc zombies
101 creatures vanquished.

Vanquished Creatures (others)
  A rockslime (Slime:1)
  A great orb of eyes (Slime:1)
  A hydra (Lair:1)
  A death yak (Lair:1)
  An elephant (Lair:4)
  2 black mambas
  2 cane toads (Lair:4)
  A komodo dragon (Lair:1)
  2 death yak zombies (Lair:4)
  3 black mamba zombies
  3 yaks
  A basilisk (Lair:1)
  A skyshark zombie (Lair:3)
  2 cane toad zombies (Lair:4)
  A water moccasin (Lair:4)
  4 blink frog zombies (Lair:4)
  A boggart (D:7)
  3 vampire mosquito zombies (D:10)
  2 komodo dragon zombies (Lair:2)
  A bullfrog (Lair:1)
  A wyvern zombie (Lair:3)
  2 water moccasin zombies
  A warg zombie (Orc:1)
  A polar bear zombie (Lair:4)
  4 yak zombies
  2 bullfrog zombies
  A basilisk zombie (Lair:1)
  8 orc zombies
  2 orcs
56 creatures vanquished.

Grand Total: 366 creatures vanquished

Notes
Turn   | Place    | Note
-------+----------+-------------------------------------------
     0 | D:1      | redmage the Octopode Earth Elementalist began the quest for
                  | the Orb.
     0 | D:1      | Reached XP level 1. HP: 11/11 MP: 3/3
    95 | D:1      | Reached XP level 2. HP: 17/17 MP: 3/5
   114 | D:1      | Learned a level 2 spell: Passwall
   578 | D:1      | Reached XP level 3. HP: 21/21 MP: 4/6
   754 | D:2      | Noticed Natasha
   759 | D:2      | Killed Natasha
   794 | D:2      | Learned a level 3 spell: Stone Arrow
   843 | D:2      | Noticed Natasha
   845 | D:2      | Killed Natasha
   846 | D:2      | Reached XP level 4. HP: 27/27 MP: 5/8
  1206 | D:2      | Noticed Natasha
  1210 | D:2      | Killed Natasha
  1647 | D:3      | Noticed Ijyb
  1698 | D:3      | Reached XP level 5. HP: 24/31 MP: 5/10
  1778 | D:3      | Noticed Jessica
  1779 | D:3      | Identified the +1 plate armour of Palet {rC- rN+++ Will+
                  | SInv}
  1784 | D:3      | Killed Jessica
  1984 | D:4      | Found Siapemu's Weapon Boutique.
  2105 | D:4      | Noticed Eustachio
  2603 | D:4      | Reached skill level 5 in Earth Magic
  2603 | D:4      | Reached XP level 6. HP: 22/36 MP: 4/12
  2751 | D:4      | Found a basalt altar of Yredelemnul.
  2802 | D:5      | Entered Level 5 of the Dungeon
  3079 | D:5      | Reached skill level 1 in Conjurations
  3090 | D:5      | Reached XP level 7. HP: 22/41 MP: 7/14
  3482 | D:5      | Reached skill level 5 in Spellcasting
  3518 | D:4      | Killed Eustachio
  3894 | D:4      | Reached skill level 5 in Stealth
  3894 | D:4      | Reached XP level 8. HP: 46/46 MP: 10/15
  4261 | D:6      | Noticed an angel
  4263 | D:6      | Found a glowing silver altar of Zin.
  4264 | D:6      | Found a shimmering altar of Xom.
  4753 | D:6      | Found a staircase to the Ecumenical Temple.
  4759 | D:6      | Paralysed by an orc for 3 turns
  4773 | Temple   | Entered the Ecumenical Temple
  4781 | Temple   | Became a worshipper of Kikubaaqudgha
  5152 | D:7      | Reached XP level 9. HP: 51/51 MP: 16/18
  5186 | D:7      | Found a radiant altar of Vehumet.
  5256 | D:7      | Reached skill level 1 in Necromancy
  5357 | D:7      | Reached skill level 5 in Conjurations
  5541 | D:7      | Reached skill level 2 in Necromancy
  5773 | D:7      | Found a hide-covered altar of Uskayaw.
  5964 | D:7      | Reached * piety under Kikubaaqudgha
  5964 | D:7      | Received a gift from Kikubaaqudgha
  5967 | D:7      | Noticed a two-headed ogre
  5970 | D:7      | Learned a level 4 spell: Animate Dead
  6029 | D:7      | Killed a two-headed ogre
  6030 | D:7      | Reached skill level 3 in Necromancy
  6120 | D:7      | Noticed a two-headed ogre
  6309 | D:7      | Killed a two-headed ogre
  6310 | D:7      | Reached skill level 5 in Necromancy
  6310 | D:7      | Reached XP level 10. HP: 56/56 MP: 11/22
  6633 | D:8      | Found an opulent altar of Gozag.
  6709 | D:8      | Noticed a two-headed ogre
  6739 | D:8      | Killed a two-headed ogre
  6740 | D:8      | Reached skill level 6 in Necromancy
  6880 | D:8      | Found a staircase to the Lair.
  7077 | D:8      | Noticed Erica
  7089 | D:8      | HP: 2/56 [poisoned by Erica (bolt of poison)]
  7531 | D:8      | Found a broken altar of Ashenzari.
  7753 | D:9      | Found Ezih's General Store.
  7772 | D:9      | Bought a potion of haste for 130 gold pieces
  7792 | D:9      | Reached skill level 7 in Necromancy
  8239 | D:9      | Found Dudechon's General Store.
  8287 | D:9      | Reached skill level 1 in Fighting
  8437 | D:9      | Learned a level 6 spell: Death Channel
  8470 | D:10     | Entered Level 10 of the Dungeon
  8470 | D:10     | Found Agoi's Jewellery Shoppe.
  8475 | D:10     | Bought a ring of magical power for 220 gold pieces
  8552 | D:10     | Found a staircase to the Orcish Mines.
  8627 | D:10     | Reached ** piety under Kikubaaqudgha
  8778 | D:10     | Reached XP level 11. HP: 65/65 MP: 24/24
  8780 | D:10     | Reached skill level 10 in Spellcasting
  8780 | D:10     | Reached skill level 8 in Necromancy
  8875 | D:10     | Learned a level 4 spell: Petrify
  8907 | D:10     | Found Yfumul's Antique Weapon Shoppe.
  9398 | D:10     | Found Wemeqewk's Distillery.
  9411 | D:10     | Bought a potion of curing for 45 gold pieces
  9411 | D:10     | Bought a potion of heal wounds for 75 gold pieces
  9452 | D:10     | Found Rahir's Assorted Antiques.
  9472 | D:10     | Reached skill level 1 in Short Blades
  9591 | D:10     | Noticed a two-headed ogre
  9603 | D:10     | Killed a two-headed ogre
  9683 | D:10     | Found Cuvall's Antique Weapon Boutique.
  9849 | Orc:1    | Entered Level 1 of the Orcish Mines
  9966 | Orc:1    | Reached skill level 9 in Necromancy
 10005 | Orc:1    | Reached *** piety under Kikubaaqudgha
 10005 | Orc:1    | Received a gift from Kikubaaqudgha
 10019 | Orc:1    | Noticed an orc warlord
 10051 | D:10     | Learned a level 5 spell: Borgnjor's Vile Clutch
 10145 | Lair:1   | Entered Level 1 of the Lair of Beasts
 10146 | Lair:1   | Upgraded the game from 0.31-a0-818-ge7c7cf74f0 to
                  | 0.31-a0-819-gf6de2f5ab6
 10176 | Lair:1   | Noticed a death yak
 10200 | Lair:1   | You fall into a shaft and drop 1 floor!
 10381 | Lair:2   | Reached skill level 10 in Necromancy
 10663 | Lair:2   | Reached skill level 11 in Necromancy
 10663 | Lair:2   | Reached XP level 12. HP: 74/74 MP: 13/26
 10705 | Lair:2   | Found a hole to the Spider Nest.
 10893 | Lair:1   | Noticed Luexkioj's ghost (novice HOFi)
 10918 | Lair:1   | Reached skill level 12 in Necromancy
 10925 | Lair:1   | Learned a level 6 spell: Simulacrum
 10976 | Lair:1   | Found a runed translucent door.
 10994 | Lair:1   | Killed Luexkioj's ghost
 10995 | Lair:1   | Reached skill level 1 in Ice Magic
 11048 | Lair:1   | Noticed Joseph
 11067 | Lair:1   | Killed Joseph
 11749 | Lair:3   | Found a staircase to the Swamp.
 11769 | Lair:3   | Noticed a skyshark
 11778 | Lair:3   | Killed a skyshark
 11781 | Lair:3   | Reached skill level 13 in Necromancy
 11804 | Lair:3   | Found a stormy altar of Qazlal.
 12014 | Lair:3   | Reached skill level 5 in Ice Magic
 12052 | Lair:3   | Found a dark tunnel.
 12382 | Lair:3   | Reached **** piety under Kikubaaqudgha
 12638 | Lair:3   | Reached XP level 13. HP: 79/79 MP: 27/27
 12878 | Lair:4   | Reached skill level 10 in Ice Magic
 12928 | Lair:4   | Found a staircase to the Slime Pits.
 12929 | Lair:4   | Found a viscous altar of Jiyva.
 13039 | Lair:4   | Reached skill level 14 in Necromancy
 13346 | Slime:1  | Entered Level 1 of the Pits of Slime
 13346 | Slime:1  | Noticed an acid blob
 13351 | Slime:1  | Noticed an acid blob
 13356 | Slime:1  | Noticed a rockslime
 13357 | Slime:1  | HP: 1/79 [acid (6)]
 13358 | Slime:1  | Killed from afar by an acid blob

Illustrated notes

Levels and vault maps discovered:
D:1:      giann_forest_graveyard, layout_basic
D:2:      layout_basic, uniq_natasha
D:3:      layout_loops_ring, uniq_jessica, uniq_ijyb
D:4:      layout_layer_cave, lemuel_mausoleum_altar_yredelemnul, serial_shops,
          nicolae_square_shop, serial_bayou_lagoon_a, uniq_eustachio
D:5:      layout_basic, tso_metal_star, minmay_crystal_room,
          kennysheep_crisscross
D:6:      layout_gridville, grunt_temple_overflow_order_and_chaos_1,
          minmay_temple_entry_trees
D:7:      layout_rooms, amcnicky_altar_gilded, nicolae_vehumet_altar_sigil,
          fountainhead, nicolae_phantomly_mirrored
D:8:      layout_basic, grunt_gozag_statues, mainiacjoe_overflow_brackets,
          uniq_erica
D:9:      layout_irregular_city, serial_shops, nicolae_shop_rolling_square,
          shop, hex_medium, hive_lemuel
D:10:     layout_gridville, minmay_orc_entry_temple_small, serial_shops,
          nicolae_shop_getting_attention, shop_statue,
          nicolae_shop_hallway_plus, nicolae_shop_real_fake_doors, shop
D:11:     layout_small_grid, nicolae_qazlal_scattered_showers
Temple:   nicolae_temple_great_sept
Lair:1:   layout_regular_city, hellmonk_ghost_happy_afterlife, uniq_joseph
Lair:2:   layout_gridlike, nicolae_spider_entry_orb_guardian,
          infiniplex_staircase_pool_2
Lair:3:   layout_cellular_growth, swamp_mist, nicolae_volcano_entry_lava_flow,
          basic_altar
Lair:4:   layout_gridlike, slime_entry_1, beast_lair_carwin_5
Slime:1:  layout_caves, nicolae_slime_phagocytosis
Orc:1:    cheibrodos_orc_bank, layout_caves, david_defended_altar_orc

Skill      XL: |  1  2  3  4  5  6  7  8  9 10 11 12 13 |
---------------+----------------------------------------+-----
Spellcasting   | 3 4 5 6 8 9 10 | 10.3
Earth Magic    | 4 5 6 7 8 |  8.0
Stealth        | 3 5 |  5.0
Conjurations   | 1 2 4 5 |  5.0
Necromancy     | 5 7 11 13 14 | 14.1
Fighting       | 2 4 |  4.0
Short Blades   | 2 |  2.0
Transmutations | 2 |  2.3
Ice Magic      | 7 10 | 10.0
Dodging        | |  2.0

Action                     |  1- 3 |  4- 6 |  7- 9 | 10-12 | 13-15 || total
---------------------------+-------+-------+-------+-------+-------++-------
  Melee: Unarmed           |     6 |     1 |       |       |       ||     7
         Constrict         |     2 |     1 |       |     5 |       ||     8
         Tentacles         |     1 |     1 |       |     3 |     1 ||     6
         Whip              |       |       |       |     9 |       ||     9
         Short sword       |       |       |       |     8 |     4 ||    12
  Throw: Dart              |       |       |     8 |    15 |       ||    23
   Cast: Sandblast         |    36 |    56 |    64 |    55 |       ||   211
         Stone Arrow       |       |       |    53 |    98 |     4 ||   155
         Animate Dead      |       |       |       |    16 |     3 ||    19
         Passwall          |       |       |       |     4 |       ||     4
         Borgnjor's Vile C |       |       |       |    47 |    22 ||    69
         Death Channel     |       |       |       |    15 |     7 ||    22
         Simulacrum        |       |       |       |       |    14 ||    14
 Invoke: Unearth Wretches  |       |       |       |     2 |     4 ||     6
  Evoke: Wand              |       |       |     1 |     1 |       ||     2
    Use: Scroll            |       |    11 |     2 |    14 |     2 ||    29
         Potion            |       |     1 |       |     3 |     3 ||     7
   Stab: Distracted        |       |       |       |     1 |       ||     1
         Paralysed         |       |       |       |       |     2 ||     2
 Armour: Skin              |     5 |    19 |    11 |    56 |    21 ||   112
  Dodge: Dodged            |     8 |    10 |    12 |    42 |    20 ||    92

Table legend: (Time is in decaauts)
 A = Elapsed time spent in this place.
 B = Non-inter-level travel time spent in this place.
 C = Inter-level travel time spent in this place.
 D = Time resting spent in this place.
 E = Time spent auto-exploring this place.
 F = Levels seen in this place.
 G = Mean time per level.
                   A        B        C        D        E       F      G
               +--------+--------+--------+--------+--------+-----+--------+
         Total |  13470 |  12453 |   1017 |    907 |   8329 |  18 |  748.3 |
       Dungeon |  10039 |   9269 |    770 |    764 |   6661 |  11 |  912.6 |
        Temple |     16 |      2 |     14 |      0 |      0 |   1 |   16.0 |
          Lair |   3206 |   2973 |    233 |    143 |   1577 |   4 |  801.5 |
    Slime Pits |     11 |     11 |      0 |      0 |      0 |   1 |   11.0 |
  Orcish Mines |    196 |    196 |      0 |      0 |     91 |   1 |  196.0 |
               +--------+--------+--------+--------+--------+-----+--------+

Top non-repeatable levels by time:
     D:4: 1574 daAuts
     D:7: 1461 daAuts
    D:10: 1438 daAuts
     D:8: 1196 daAuts
  Lair:3: 1080 daAuts
     D:2: 941 daAuts
  Lair:1: 907 daAuts
     D:9: 830 daAuts
     D:6: 823 daAuts
     D:5: 780 daAuts
     D:1: 762 daAuts
  Lair:2: 699 daAuts
  Lair:4: 519 daAuts
     D:3: 226 daAuts
   Orc:1: 196 daAuts
